 Dungeon Crawl Stone Soup version 0.26.1-2-gb8aa6d0cf2 (webtiles) character file.

Game seed: 2903047344239720802

224 geezuus the Grave Robber (level 6, -8/45 HPs)
             Began as a Ghoul Necromancer on Mar 5, 2021.
             Was an Initiate of Yredelemnul.
             Killed by divine providence
             ... invoked by an orc priest
              (14 damage)
             ... on level 2 of the Dungeon.
             The game lasted 00:15:53 (4377 turns).

geezuus the Grave Robber (Ghoul Necromancer)        Turns: 4377, Time: 00:15:54

Health: -8/45      AC:  3    Str: 12    XL:     6   Next: 0%
Magic:  9/10       EV: 12    Int: 12    God:    Yredelemnul [......]
Gold:   47         SH:  0    Dex:  9    Spells: 11/12 levels left

rFire    . . .     SeeInvis .   f - staff of conjuration
rCold    + . .     Faith    .   (no shield)
rNeg     + + +     Spirit   .   h - +0 animal skin
rPois    ∞         Reflect  .   i - +0 helmet
rElec    .         Harm     .   (no cloak)
rCorr    .         Rampage  .   (no gloves)
Will     .....                  (no boots)
Stlth    ++........             (no amulet)
HPRegen  0.00/turn              (no ring)
MPRegen  0.12/turn              (no ring)

@: no status effects
A: claws 1, cold resistance 1, negative energy resistance 3, inhibited
regeneration, torment resistance, unbreathing
a: Renounce Religion


You were on level 2 of the Dungeon.
You worshipped Yredelemnul.
Yredelemnul was noncommittal.
You visited 1 branch of the dungeon, and saw 3 of its levels.

You collected 47 gold pieces.

Inventory:

Armour
 a - a scarf of harm
 e - a +2 helmet
 h - a +0 animal skin (worn)
 i - a +0 helmet (worn)
Magical Staves
 f - an uncursed staff of conjuration (weapon)
Jewellery
 d - a +4 ring of protection {unknown}
Scrolls
 g - a scroll of fog {unknown}
 j - a scroll of remove curse
Potions
 c - a potion of flight


   Skills:
 + Level 0.2 Fighting
 + Level 0.3 Staves
 + Level 2.3 Dodging
 + Level 2.3 Stealth
 + Level 0.6 Unarmed Combat
 + Level 3.6 Spellcasting
 + Level 5.2 Necromancy


You had 11 spell levels left.
You knew the following spells:

 Your Spells              Type           Power        Failure   Level
a - Pain                  Necr           56%          2%          1

Your spell library contained the following spells:

 Spells                   Type           Power        Failure   Level
 Animate Skeleton         Necr           28%          2%          1
 Vampiric Draining        Necr           7%           8%          3
 Animate Dead             Necr           7%           26%         4
 Agony                    Necr           14%          58%         5


Dungeon Overview and Level Annotations

Branches:
Dungeon (3/15)

Altars:
Yredelemnul


Innate Abilities, Weirdness & Mutations

You thrive by killing the living.
You are immune to poison.
You have sharp fingernails.
Your flesh is cold resistant. (rC+)
You are immune to negative energy. (rN+++)
You do not regenerate when monsters are visible.
You are immune to unholy pain and torment.
You can survive without breathing.


Message History

The orc priest is heavily wounded.
The orc priest hits you. x2
* * * LOW HITPOINT WARNING * * *
Magic restored.
The orc priest closely misses you.
You climb upwards.
There is a stone staircase leading down here.
Aiming: Pain (safe; 2% risk of failure)
Press: ? - help, Q - select action Shift-Dir - straight line, f - orc priest
Aim: an orc priest (heavily wounded, chance to affect: 72%)
The orc priest struggles to resist.
The orc priest hits you but does no damage.
The orc priest hits you.
* * * LOW HITPOINT WARNING * * *
Things that are here:
a +0 ring mail; an orc skeleton The orc priest looks encouraged for a moment.
The orc priest mumbles some strange prayers to Beogh against you.
Beogh smites you!
You die...
Yredelemnul claims you as an undead slave.

#.#.######.#.#.##............
#.#.# #.#.#.##.#####.#.###
#.#)# #...#.##.# ###.#.###
#.#.#######.##.##.# #.#.#.#..
#.#..........#.##.###.#.#.##.
#.############.##............
#........>.....##.#.#.#.#.##.
#################.#.#.#.#.##.
#..@..o[>#.#......#.
#.########.#.#.#..#.
#..(.......#.#.#).#.
#######################.#.#..#.
#............................#.
##.####################.#.#..#.
#.....#.##############.#.#.##.
#####.#................#.#.##.
#.#.################.#....


You could see an orc priest.

Vanquished Creatures
  2 orc wizards
  Jessica (D:2)
  Robin (D:2)
  5 adders (D:2)
  2 worms (D:2)
  3 dart slugs
  6 orcs
  3 giant cockroaches
  2 gnoll zombies (D:2)
  9 goblins (D:2)
  6 hobgoblins
  9 jackals (D:1)
  A kobold (D:1)
  A ball python (D:1)
  8 bats
  4 frilled lizards (D:1)
  7 rats
70 creatures vanquished.

Notes
Turn   | Place    | Note
-------+----------+-------------------------------------------
     0 | D:1      | geezuus the Ghoul Necromancer began the quest for the Orb.
     0 | D:1      | Reached XP level 1. HP: 14/14 MP: 2/2
   329 | D:1      | Reached XP level 2. HP: 17/20 MP: 0/3
  1148 | D:1      | Reached XP level 3. HP: 21/26 MP: 1/5
  1577 | D:2      | Noticed Jessica
  1583 | D:2      | Killed Jessica
  1584 | D:2      | Reached XP level 4. HP: 33/33 MP: 2/7
  1963 | D:2      | Noticed Robin
  1970 | D:2      | Reached XP level 5. HP: 38/38 MP: 2/8
  2044 | D:2      | Killed Robin
  2210 | D:2      | Reached skill level 5 in Necromancy
  3757 | D:2      | Found a basalt altar of Yredelemnul.
  3926 | D:2      | Became a worshipper of Yredelemnul the Dark
  4111 | D:2      | Reached XP level 6. HP: 8/45 MP: 1/10
  4377 | D:2      | Killed from afar by an orc priest

Illustrated notes

Levels and vault maps discovered:
D:1:      dpeg_arrival_leaves_temple_mockup, layout_basic,
          palyth_stone_intersect, minmay_bisected
D:2:      layout_basic, lemuel_zombie_altar_yredelemnul, minmay_pentomino_o4,
          uniq_jessica, uniq_robin
D:3:      layout_basic, chequers_ecumenical_altar_grove, minmay_statues_item,
          serial_park_tiny_2, st_stairs_7, uniq_natasha, uniq_ijyb

Skill      XL: |  1  2  3  4  5 |
---------------+----------------+-----
Dodging        | 2 |  2.3
Spellcasting   | 2 3 |  3.6
Necromancy     | 5 |  5.2
Fighting       | |  0.2
Staves         | |  0.3
Stealth        | |  2.3
Unarmed Combat | |  0.6

Action                   |  1- 3 |  4- 6 || total
-------------------------+-------+-------++-------
Melee: Unarmed           |    54 |     6 ||    60
       Staff             |       |    71 ||    71
 Cast: Pain              |    51 |   108 ||   159
  Use: Potion            |     4 |     3 ||     7
       Scroll            |       |     2 ||     2
Armor: Robe              |     6 |     3 ||     9
       Animal skin       |       |    14 ||    14
Dodge: Dodged            |    61 |    61 ||   122
